 Dungeon Crawl Stone Soup version 0.19.4-8-ga85b6b9 (webtiles) character file.

67944 Naow the Executioner (level 14, -2/127 HPs)
             Began as a Minotaur Berserker on Feb 11, 2017.
             Was a High Priest of Trog.
             Succumbed to poison (poison gas)
             ... on level 2 of the Swamp.
             The game lasted 00:47:11 (21773 turns).

Naow the Executioner (Minotaur Berserker)          Turns: 21773, Time: 00:47:11

Health: -2/127     AC: 31    Str: 31    XL:     14   Next: 84%
Magic:  13/13      EV: 10    Int:  4    God:    Trog [*****.]
Gold:   1542       SH:  8    Dex: 13    Spells: 0 memorised, 13 levels left

rFire  . . .     SeeInvis .     G - +1 morningstar "Jellyslayer" {speed, +Fly Str+4}
rCold  . . .     Gourm    +     T - +1 plate armour
rNeg   . . .     Faith    .     C - +0 shield {AC+3}
rPois  .         Spirit   .     (helmet unavailable)
rElec  .         Reflect  .     p - +0 cloak
rCorr  .         Harm     .     D - +0 pair of gloves {Dex+3}
MR     +....                    r - +2 pair of boots
Stlth  ..........               I - amulet of the gourmand
                                (no ring)
                                Q - +4 ring of protection

@: lethally poisoned (-2 -> -98), exhausted, slowed, very slow
A: retaliatory headbutt, horns 3, deterioration 1, subdued magic 1
a: Berserk, Trog's Hand, Brothers in Arms, Burn Spellbooks, Renounce Religion,
Evoke Flight


You were on level 2 of the Swamp.
You worshipped Trog.
Trog was extremely pleased with you.
You were very full.

You visited 5 branches of the dungeon, and saw 23 of its levels.

You collected 2242 gold pieces.
You spent 700 gold pieces at shops.

Inventory:

Hand Weapons
 u - a +4 battleaxe of freezing
 G - the +1 morningstar "Jellyslayer" (weapon) {speed, +Fly Str+4}
   (You found it on level 3 of the Lair of Beasts)

   Attacks with this weapon are significantly faster.
   It affects your strength (+4).
   It lets you fly.
 V - a +3 war axe of electrocution
 Y - a +2 battleaxe of venom
Armour
 p - a +0 cloak (worn)
 r - a +2 pair of boots (worn)
 C - a +0 shield of protection (worn)
 D - a +0 pair of gloves of dexterity (worn)
 T - a +1 plate armour (worn)
Jewellery
 b - the ring "Jalass" {*Contam rC+++ rN+++ AC-2 Dex-5}
   (You found it on level 10 of the Dungeon)

   [ring of protection]

   It affects your AC (-2).
   It affects your dexterity (-5).
   It renders you almost immune to cold.
   It renders you almost immune to negative energy.
   It causes magical contamination when unequipped.
 m - an uncursed ring of protection from magic
 t - an uncursed ring of positive energy
 w - an uncursed ring of see invisible
 z - an uncursed ring of protection from fire
 I - an amulet of the gourmand (around neck)
 Q - a +4 ring of protection (left hand)
 R - an uncursed ring of flight
 Z - an uncursed ring of poison resistance
Wands
 M - a wand of teleportation (9/9)
 P - a wand of digging (10/24)
Scrolls
 a - 3 scrolls of blinking
 e - 2 scrolls of enchant armour
 f - 5 scrolls of recharging
 k - a scroll of identify
 o - 9 scrolls of teleportation
 s - a scroll of enchant weapon
 y - 2 scrolls of fear
 F - 4 scrolls of remove curse
 L - 3 scrolls of magic mapping
 N - a scroll of silence
 U - a scroll of summoning
Potions
 d - a potion of cancellation
 g - 3 potions of agility
 j - 7 potions of heal wounds
 l - 3 potions of mutation
 q - 3 potions of brilliance
 x - 5 potions of might
 A - 5 potions of haste
 B - a potion of magic {unknown}
 E - a potion of cure mutation {unknown}
 H - 2 potions of invisibility
 J - a potion of resistance {unknown}
 K - 10 potions of curing
 O - 2 potions of lignification {unknown}
 S - a potion of berserk rage {unknown}
 X - 2 potions of flight {unknown}
Books
 W - a book of Clouds

   Spells                             Type                      Level
   a - Mephitic Cloud                 Conjuration/Poison/Air       3
   b - Conjure Flame                  Conjuration/Fire             3
   c - Poisonous Cloud                Conjuration/Poison/Air       6
   d - Freezing Cloud                 Conjuration/Ice/Air          6
   e - Ring of Flames                 Charms/Fire                  7
   Trog disapproves of the use of such an item.
Comestibles
 c - 17 bread rations
 i - 26 fruits
 n - 6 meat rations
 v - 7 beef jerkies


   Skills:
 + Level 12.9 Fighting
 + Level 21.4 Axes
 - Level 13.6 Armour
 - Level 10.1 Dodging


You had 13 spell levels left.
You didn't know any spells.

Dungeon Overview and Level Annotations

Branches:
Dungeon (12/15)            Temple (1/1) D:7            Lair (6/6) D:8
  Swamp (2/4) Lair:2        Snake (0/4) Lair:4        Slime (0/5) Lair:5
    Orc (2/2) D:9             Elf (0/3) Orc:2

Altars:
Ashenzari
Cheibriados
Dithmenos
Elyvilon
Fedhas
Gozag
Kikubaaqudgha
Makhleb
Qazlal
Ru
Trog
Xom
Yredelemnul
Zin
Jiyva

Shops:
D:5 *   D:8 [!?%(   Orc:2 =*=([


Innate Abilities, Weirdness & Mutations

You reflexively headbutt those who attack you in melee.
You have a pair of large horns on your head.
Your body sometimes deteriorates upon taking damage.
Your spells are a little easier to cast, but a little less powerful.


Message History

You feel very sick.
The slime creature hits you but does no damage.
You spit the slime creature like a pig!!!
You kill the slime creature!
Trog accepts your kill.
* * * LOW HITPOINT WARNING * * *
You feel very sick.
* * * LOW HITPOINT WARNING * * *
You feel very sick.
Found a stone staircase leading down.
You feel a strong urge to attack something.
* * * LOW HITPOINT WARNING * * *
You feel very sick.
* * * LOW HITPOINT WARNING * * *
You feel very sick.
You are too berserk!
You feel your anger subside.
You are no longer berserk.
You are exhausted.
You feel yourself slow down.
You die...

♣≈≈ ≈≈≈≈≈≈.≈♣ ♣♣..♣
≈≈≈≈≈≈.♣ ...≈.♣ §≈≈≈≈≈.♣
≈.≈...♣♣)≈≈≈≈♣ ♣≈
......§....≈♣♣♣♣♣ ♣.≈.
♣♣♣♣≈.[≈♣♣♣..≈♣♣ ♣≈≈.
♣......≈♣♣≈≈≈..♣
♣♣≈≈≈♣♣≈≈≈....♣≈.≈≈≈.♣
♣♣♣≈...♣♣≈≈≈≈≈≈.@...≈≈.♣
♣≈..≈≈...≈≈≈≈≈≈≈≈≈≈.≈≈.♣
≈≈≈≈≈≈≈≈≈≈≈≈≈≈≈≈≈≈≈.>♣♣♣
..≈≈≈≈≈.≈≈.....≈≈≈≈≈♣♣
..≈≈≈....♣♣♣♣........♣
≈≈...≈.....♣♣....≈≈.♣♣♣♣
≈≈.♣..)....♣≈≈≈..♣♣♣...♣
≈≈.≈≈..♣..≈.≈≈≈.♣♣♣.≈≈♣♣
≈≈...♣♣...≈.≈≈≈.♣ ♣≈.≈♣♣


There were no monsters in sight!

Vanquished Creatures
  Rupert (Orc:2)
  2 orc warlords
  A stone giant (Orc:1)
  A fire dragon (Lair:6)
  The ghost of Bybbax the Markscentaur, a journeyman CeHu of Dithmenos (D:10)
  5 hydras
  An ice dragon (Lair:4)
  4 orc high priests (Orc:2)
  2 alligators (Swamp:1)
  2 deep elf knights (Orc:2)
  A fire crab (Lair:6)
  A swamp dragon (Swamp:2)
  A hill giant (D:10)
  3 orc knights (Orc:2)
  2 orc sorcerers (Orc:2)
  2 ugly things (D:11)
  9 black mambas
  3 elephants (Lair:5)
  3 molten gargoyles (Lair:6)
  6 spiny frogs
  A rime drake (Lair:5)
  The ghost of toffzen the Chiller, a novice MfIE (D:5)
  15 komodo dragons
  3 trolls
  A hornet (Swamp:1)
  2 tyrant leeches (Swamp:1)
  2 polar bears (Lair:4)
  Grinder (D:5)
  23 blink frogs
  4 bog bodies (Swamp:1)
  7 dream sheep (Lair:4)
  14 slime creatures
  4 hippogriffs
  2 wyverns
  36 yaks
  4 hungry ghosts
  5 basilisks
  A steam dragon (Lair:6)
  19 vampire mosquitoes
  Menkaure (D:7)
  A mottled dragon (Lair:6)
  4 insubstantial wisps (Swamp:2)
  8 wargs
  9 swamp worms
  A naga (Lair:4)
  Duvessa (D:7)
  5 hell hounds (Lair:6)
  7 water moccasins
  11 porcupines
  2 ice beasts
  A swamp drake (Swamp:1)
  A black bear (D:10)
  28 orc warriors
  4 sky beasts
  A phantom (D:5)
  11 ogres
  13 wolves
  A centaur (D:10)
  10 crocodiles
  16 bullfrogs
  4 scorpions
  Dowan (D:7)
  6 killer bees (D:10)
  3 wights (D:8)
  3 howler monkeys (D:8)
  7 crimson imps
  5 lava snakes (Lair:6)
  A centaur zombie (D:7)
  4 jellies
  A hound (D:4)
  3 centaur skeletons
  14 orc priests
  19 orc wizards
  A gnoll shaman (D:5)
  5 iguanas
  10 worker ants
  2 hell rats (D:8)
  A hound skeleton (D:8)
  A worker ant zombie (D:5)
  3 gnolls (D:5)
  9 adders
  3 shadow imps
  An ooze (D:2)
  3 worms
  A dart slug (D:2)
  3 leopard geckos
  45 orcs
  4 ball pythons
  9 giant cockroaches
  10 goblins
  5 hobgoblins
  5 kobolds
  6 quokkas
  6 bats
  5 frilled lizards
  A quokka skeleton (D:5)
  10 rats
  5 fungi
557 creatures vanquished.

Vanquished Creatures (collateral kills)
  An orc high priest (Orc:2)
  An orc sorcerer (Orc:1)
  2 orc warriors
4 creatures vanquished.

Vanquished Creatures (others)
  A yak (Lair:4)
  A naga (Lair:4)
  A hound skeleton (D:7)
  4 fungi
7 creatures vanquished.

Grand Total: 568 creatures vanquished

Notes
Turn   | Place    | Note
-------+----------+-------------------------------------------
     0 | D:1      | Naow the Minotaur Berserker began the quest for the Orb.
     0 | D:1      | Reached XP level 1. HP: 19/19 MP: 0/0
    71 | D:1      | Reached skill level 4 in Axes
   168 | D:1      | Reached XP level 2. HP: 26/26 MP: 1/1
   973 | D:1      | Reached skill level 5 in Axes
  1043 | D:2      | Reached XP level 3. HP: 31/31 MP: 2/2
  1097 | D:2      | Reached ** piety under Trog
  1139 | D:2      | Found a blossoming altar of Fedhas.
  1766 | D:3      | Found an opulent altar of Gozag.
  2127 | D:3      | Reached XP level 4. HP: 37/39 MP: 3/3
  2366 | D:3      | Reached skill level 6 in Axes
  2919 | D:4      | Reached XP level 5. HP: 45/45 MP: 4/4
  2978 | D:4      | Found a sacrificial altar of Ru.
  2986 | D:4      | Reached skill level 7 in Axes
  3488 | D:4      | Got a jewelled leather armour
  3499 | D:4      | Identified the +3 leather armour "Zatu" {Str+4} (You found it on level 4 of the Dungeon)
  3648 | D:4      | Reached skill level 8 in Axes
  3664 | D:5      | Entered Level 5 of the Dungeon
  3800 | D:5      | Reached XP level 6. HP: 51/51 MP: 5/5
  3808 | D:5      | Reached *** piety under Trog
  3811 | D:5      | Reached skill level 9 in Axes
  3860 | D:5      | Noticed Grinder
  3871 | D:5      | Reached XP level 7. HP: 57/57 MP: 6/6
  3872 | D:5      | Killed Grinder
  3872 | D:5      | Reached skill level 10 in Axes
  3896 | D:5      | Found Zin's Purification Station.
  3901 | D:5      | Found a glowing silver altar of Zin.
  4184 | D:5      | Found an ancient bone altar of Kikubaaqudgha.
  4252 | D:5      | Reached skill level 11 in Axes
  4294 | D:5      | Noticed toffzen's ghost (novice MfIE)
  4305 | D:5      | Killed toffzen's ghost
  4305 | D:5      | Reached skill level 5 in Fighting
  4305 | D:5      | Reached XP level 8. HP: 64/68 MP: 7/7
  4792 | D:6      | You fall through a shaft!
  4835 | D:7      | Reached skill level 12 in Axes
  4915 | D:7      | Found a bloodstained altar of Trog.
  5027 | D:7      | Noticed Dowan
  5029 | D:7      | Noticed Duvessa
  5035 | D:7      | Killed Dowan
  5038 | D:7      | Killed Duvessa
  5105 | D:7      | Reached XP level 9. HP: 80/80 MP: 8/8
  5139 | D:7      | Noticed Menkaure
  5144 | D:7      | Killed Menkaure
  5583 | D:7      | Found a staircase to the Ecumenical Temple.
  5592 | Temple   | Entered the Ecumenical Temple
  5629 | D:8      | Found Ehiak's Antique Armour Emporium.
  5665 | D:8      | Found a shadowy altar of Dithmenos.
  5667 | D:8      | Found a basalt altar of Yredelemnul.
  5675 | D:8      | Reached skill level 13 in Axes
  5713 | D:8      | Found a stormy altar of Qazlal.
  5850 | D:8      | Found a shimmering altar of Xom.
  5852 | D:8      | Found a shimmering altar of Xom.
  5852 | D:8      | Found a shimmering altar of Xom.
  5853 | D:8      | Found a shimmering altar of Xom.
  5854 | D:8      | Found a shimmering altar of Xom.
  5862 | D:8      | Found a staircase to the Lair.
  5865 | D:8      | Noticed a komodo dragon
  5878 | D:8      | Killed a komodo dragon
  5879 | D:8      | Found Qomu's Magic Scroll Shop.
  5882 | D:8      | Reached **** piety under Trog
  5965 | D:8      | Found Wighaemp's Food Shoppe.
  5968 | D:8      | Noticed a harpy
  5990 | D:8      | Got a pair of spiked gloves
  5996 | D:8      | Identified the +1 pair of gloves "Vaytuxaab" {Str-3 Int-4 Dex+8 SInv} (You found it on level 8 of the Dungeon)
  5996 | D:8      | Lost intelligence.
  6104 | D:8      | Found Wolixoce's Antique Weapon Emporium.
  6148 | D:8      | Noticed an anaconda
  6424 | D:8      | Reached skill level 10 in Fighting
  6437 | D:8      | Found Ethijar's Distillery.
  6543 | D:8      | Noticed a ghost moth
  6544 | D:8      | Noticed a sea snake
  6544 | D:8      | Noticed a mana viper
  6544 | D:8      | a sea snake changed into a mana viper
  6552 | D:8      | Noticed a lindwurm
  7572 | Lair:1   | Entered Level 1 of the Lair of Beasts
  7572 | Lair:1   | Noticed a komodo dragon
  7672 | D:9      | Found a staircase to the Orcish Mines.
  7680 | D:9      | Reached XP level 10. HP: 93/93 MP: 9/9
  7687 | D:9      | Reached skill level 14 in Axes
  7816 | D:9      | Found a snail-covered altar of Cheibriados.
  8063 | D:9      | Got a jewelled triple sword
  8064 | D:9      | Identified the +4 triple sword of Contention {protect, rF+ Str+3 Dex-4} (You found it on level 9 of the Dungeon)
  8076 | D:10     | Entered Level 10 of the Dungeon
  8076 | D:10     | Found a white marble altar of Elyvilon.
  8132 | D:10     | Reached skill level 5 in Armour
  8209 | D:10     | You fall through a shaft for 2 floors!
  8362 | D:11     | Noticed a red ugly thing
  8372 | D:11     | Killed a red ugly thing
  8863 | D:10     | Got a warped pewter ring
  8867 | D:10     | Identified the cursed ring "Jalass" {*Contam rC+++ rN+++ AC-2 Dex-5} (You found it on level 10 of the Dungeon)
  8968 | D:10     | Reached skill level 15 in Axes
  8970 | D:10     | Reached ***** piety under Trog
  8984 | D:10     | Gained mutation: Your body sometimes deteriorates upon taking damage. [mutagenic glow]
  9089 | D:10     | Noticed a hill giant
  9099 | D:10     | Killed a hill giant
  9099 | D:10     | Reached XP level 11. HP: 76/99 MP: 10/10
  9359 | D:10     | Noticed Bybbax's ghost (journeyman CeHu)
  9369 | D:10     | Killed Bybbax's ghost
  9464 | D:11     | Noticed a green ugly thing
  9470 | D:11     | Killed a green ugly thing
  9549 | Orc:1    | Entered Level 1 of the Orcish Mines
  9549 | Orc:1    | Noticed a stone giant
  9558 | Orc:1    | Killed a stone giant
  9558 | Orc:1    | Reached skill level 16 in Axes
  9558 | Orc:1    | Reached skill level 10 in Armour
  9664 | Orc:1    | Noticed an orc sorcerer
  9665 | Orc:1    | Noticed an orc warlord
  9669 | Orc:1    | Killed an orc sorcerer
  9693 | Orc:1    | Killed an orc warlord
 10305 | Orc:2    | Entered Level 2 of the Orcish Mines
 10305 | Orc:2    | Found Hufyfani's Jewellery Shop.
 10310 | Orc:2    | Noticed Rupert
 10328 | Orc:2    | Killed Rupert
 10328 | Orc:2    | Reached skill level 17 in Axes
 10328 | Orc:2    | Reached XP level 12. HP: 106/106 MP: 11/11
 10332 | Orc:2    | Noticed an orc high priest
 10351 | Orc:2    | HP: 4/106 [ice devil[an orc high priest] (23)]
 10356 | Orc:1    | HP: 3/106 [orc warrior/enchanted flail (3)]
 10714 | Orc:2    | Killed an orc high priest
 10714 | Orc:2    | Received a gift from Trog
 10717 | Orc:2    | Noticed an orc high priest
 10724 | Orc:2    | Killed an orc high priest
 10747 | Orc:2    | Noticed an orc warlord
 10769 | Orc:2    | Killed an orc warlord
 10959 | Orc:2    | Noticed an orc high priest
 10959 | Orc:2    | Found Giajikask's Antique Weapon Shop.
 10974 | Orc:2    | Noticed an orc high priest
 10975 | Orc:2    | Killed an orc high priest
 10975 | Orc:2    | Reached skill level 18 in Axes
 10989 | Orc:2    | Killed an orc high priest
 11335 | Orc:2    | Bought an iridescent hand axe for 208 gold pieces
 11365 | Orc:2    | Found Rirogh's Antique Armour Emporium.
 11436 | Orc:2    | Bought a runed hat for 240 gold pieces
 11436 | Orc:2    | Bought a pair of runed gloves for 252 gold pieces
 11520 | Orc:2    | Found a staircase to the Elven Halls.
 11561 | Orc:2    | Found a bloodstained altar of Trog.
 11599 | Orc:2    | Found Pepoke's General Store.
 11933 | Orc:2    | Found Jelea's Jewellery Boutique.
 11934 | Orc:2    | Noticed an orc high priest
 11944 | Orc:2    | Killed an orc high priest
 12711 | Lair:1   | Reached XP level 13. HP: 99/113 MP: 4/12
 12714 | Lair:1   | Reached skill level 5 in Dodging
 13213 | Lair:1   | Reached skill level 19 in Axes
 14463 | Lair:2   | Found a staircase to the Swamp.
 14775 | Lair:3   | Received a gift from Trog
 14952 | Lair:3   | Reached ****** piety under Trog
 15445 | Lair:4   | Identified the +10 hand axe "Demonbane" {distort, *Drain MR++} (You bought it in a shop on level 2 of the Orcish Mines)
 15653 | Lair:4   | Found a staircase to the Snake Pit.
 16018 | Lair:4   | Gained mutation: Your spells are a little easier to cast, but a little less powerful. [mutagenic glow]
 16074 | Lair:4   | Gained mutation: You have a pair of large horns on your head. [mutagenic glow]
 16301 | Lair:4   | Reached skill level 20 in Axes
 17179 | Lair:5   | Found a staircase to the Slime Pits.
 17180 | Lair:5   | Found a viscous altar of Jiyva.
 17182 | Lair:5   | Identified the Volume of Battle Magic and Translocation
 17216 | Lair:5   | Reached skill level 10 in Dodging
 17216 | Lair:5   | Reached XP level 14. HP: 115/121 MP: 4/13
 17435 | Lair:5   | Identified a scroll of acquirement
 17491 | Lair:6   | Entered Level 6 of the Lair of Beasts
 17859 | Lair:6   | Received a gift from Trog
 18616 | Lair:6   | Found a large runed door.
 19015 | Lair:6   | Found a large runed door.
 19775 | Lair:3   | Got an ancient morningstar
 19776 | Lair:3   | Identified the cursed +1 morningstar "Jellyslayer" {speed, +Fly Str+4} (You found it on level 3 of the Lair of Beasts)
 19862 | Swamp:1  | Entered Level 1 of the Swamp
 20373 | Swamp:1  | Reached skill level 21 in Axes
 20522 | Swamp:1  | Received a gift from Trog
 21771 | Swamp:2  | HP: 9/190 [poison (poison gas)]
 21772 | Swamp:2  | HP: 4/190 [poison (poison gas)]
 21773 | Swamp:2  | Succumbed to poison (poison gas)

Skill      XL: |  1  2  3  4  5  6  7  8  9 10 11 12 13 14 |
---------------+-------------------------------------------+-----
Axes           | 4 5 6 8 9 11 12 13 15 17 18 20 21 | 21.4
Fighting       | 5 7 10 12 | 12.9
Armour         | 3 8 12 13 | 13.6
Dodging        | 4 10 | 10.1

Action                   |  1- 3 |  4- 6 |  7- 9 | 10-12 | 13-15 || total
-------------------------+-------+-------+-------+-------+-------++-------
Melee: Hand axe          |    80 |   101 |   218 |       |    66 ||   465
       Headbutt          |    14 |    14 |    54 |    72 |   174 ||   328
       War axe           |       |       |     7 |   260 |       ||   267
       Battleaxe         |       |       |       |   119 |   382 ||   501
       Morningstar       |       |       |       |       |   273 ||   273
Invok: Berserk           |       |     3 |     7 |    15 |    10 ||    35
       Trog's Hand       |       |     2 |     2 |     5 |     3 ||    12
       Burn Spellbooks   |       |       |       |     1 |     2 ||     3
       Brothers in Arms  |       |       |       |     2 |     1 ||     3
  Use: Scroll            |       |       |       |    20 |    10 ||    30
       Potion            |       |       |       |       |     2 ||     2
 Stab: Sleeping          |     1 |       |       |       |       ||     1
  Eat: Chunk             |     3 |     8 |    18 |    27 |    39 ||    95
       Royal jelly       |       |       |     1 |       |       ||     1
       Beef jerky        |       |       |     1 |     3 |       ||     4
       Bread ration      |       |       |       |     1 |       ||     1
       Meat ration       |       |       |       |       |     1 ||     1
       Pizza             |       |       |       |       |     1 ||     1
Armor: Animal skin       |    21 |    21 |       |       |       ||    42
       Leather armour    |       |     8 |    41 |       |       ||    49
       Plate armour      |       |       |     9 |   229 |   382 ||   620
Dodge: Dodged            |    54 |    68 |   100 |   122 |   295 ||   639
Block: Shield            |       |       |       |       |    84 ||    84
